 Dungeon Crawl Stone Soup version 0.26-a0-663-g36e8fdb655 (webtiles) character file.

Game seed: 11614222710651643385

226 droidtality the Cudgeler (level 5, -6/53 HPs)
             Began as a Troll Warper on Oct 10, 2020.
             Killed by divine providence
             ... invoked by an orc priest
              (12 damage)
             ... on level 3 of the Dungeon.
             The game lasted 00:03:12 (2411 turns).

droidtality the Cudgeler (Troll Warper)             Turns: 2411, Time: 00:03:12

Health: -6/53      AC:  6    Str: 20    XL:     5   Next: 69%
Magic:  5/5        EV: 10    Int:  9    God:
Gold:   101        SH:  0    Dex:  9    Spells: 6/6 levels left

rFire    . . .     SeeInvis .   a - +0 mace
rCold    . . .     Faith    .   (no shield)
rNeg     . . .     Spirit   .   b - +0 robe
rPois    .         Reflect  .   (helmet restricted)
rElec    .         Harm     .   (no cloak)
rCorr    .         Rampage  .   (gloves unavailable)
MR       .....                  (boots unavailable)
Stlth    +.........             (no amulet)
HPRegen  0.57/turn              (no ring)
MPRegen  0.09/turn              (no ring)

@: lethally poisoned (-6 -> -6)
A: large, unfitting armour, claws 3, regeneration 1, shaggy fur 1, tough skin 3
a: no special abilities


You were on level 3 of the Dungeon.
You visited 1 branch of the dungeon, and saw 3 of its levels.

You collected 101 gold pieces.

Inventory:

Hand Weapons
 a - a +0 mace (weapon)
Missiles
 e - 5 boomerangs of dispersal (quivered)
 o - 2 silver boomerangs
Armour
 b - a +0 robe (worn)
Scrolls
 d - 2 scrolls of blinking
 f - 3 scrolls of identify {unknown}
 i - 3 scrolls of fear {unknown}
 j - a scroll of noise {unknown}
 m - 3 scrolls of amnesia {unknown}
Potions
 c - a potion of might {unknown}
 g - a potion of ambrosia {unknown}
 h - a potion of magic {unknown}
 k - a potion of berserk rage {unknown}
 l - a potion of cancellation {unknown}
 n - a potion of stabbing {unknown}


   Skills:
 + Level 3.0 Fighting
 + Level 4.5 Maces & Flails
 - Level 0.8 Throwing
 - Level 1.9 Dodging
 + Level 0.2 Stealth
 - Level 1.2 Spellcasting
   Level 2.1 Translocations


You had 6 spell levels left.
You didn't know any spells.
Your spell library contained the following spells:

 Spells                   Type           Power        Failure   Level
 Blink                    Tloc           N/A          22%         2
 Gell's Gravitas          Tloc           #.........   41%         3
 Lesser Beckoning         Tloc           #.........   41%         3
 Teleport Other           Tloc           #.......     41%         3
 Passage of Golubria      Tloc           N/A          82%         4


Dungeon Overview and Level Annotations

Branches:
Dungeon (3/15)

Altars:
Makhleb
Qazlal
Vehumet


Innate Abilities, Weirdness & Mutations

You are too large for most types of armour.
You have claws for hands.
Your natural rate of healing is unusually fast.
You are covered in fur. (AC +1)
You have extremely tough skin. (AC +3)


Message History

Beogh smites you! The adder bites you but does no damage.
You hit the adder.
The adder is heavily wounded.
You feel sick. The adder misses you.
You barely miss the adder.
The adder is heavily wounded.
The adder closely misses you.
The orc priest looks satisfied for a moment.
The adder closely misses you.
The orc priest miscasts a cantrip.
You sock the adder!
You kill the adder!
The orc priest mumbles some strange prayers to Beogh against you.
Beogh smites you!
* * * LOW HITPOINT WARNING * * *
You feel sick.
You feel sick.
The orc priest mumbles some strange prayers to Beogh against you.
Beogh smites you!
You die...

#o....# #)###.#
#######.# #
####.......#
#.......####
#.....o.# #....o..#
#.......# #..@....+
.. #.......# ..
###.......# ..
#............ ..
#............ ..
#............. ..
#........####.
############........#
#..)..#....#........#


You could see 2 orc priests.

Vanquished Creatures
  A big kobold (D:3)
  4 gnolls (D:3)
  4 adders
  An ooze (D:2)
  2 worms
  2 leopard geckos (D:1)
  8 orcs (D:3)
  A ball python (D:1)
  5 bats
  A giant cockroach (D:3)
  9 goblins
  10 hobgoblins
  3 jackals
  9 kobolds
  A quokka (D:3)
  3 frilled lizards
  2 rats
66 creatures vanquished.

Notes
Turn   | Place    | Note
-------+----------+-------------------------------------------
     0 | D:1      | droidtality the Troll Warper began the quest for the Orb.
     0 | D:1      | Reached XP level 1. HP: 19/19 MP: 1/1
    20 | D:1      | Reached skill level 2 in Maces & Flails
    93 | D:1      | Reached XP level 2. HP: 28/28 MP: 2/2
   424 | D:1      | Reached XP level 3. HP: 30/35 MP: 3/3
  1283 | D:2      | Reached skill level 3 in Maces & Flails
  1311 | D:2      | Found a burning altar of Makhleb.
  1312 | D:2      | Found a radiant altar of Vehumet.
  1696 | D:3      | Reached XP level 4. HP: 26/44 MP: 4/4
  1782 | D:3      | Noticed a big kobold
  1891 | D:3      | Killed a big kobold
  1891 | D:3      | Reached skill level 4 in Maces & Flails
  1891 | D:3      | Reached XP level 5. HP: 19/52 MP: 5/5
  2069 | D:3      | Found a stormy altar of Qazlal.
  2411 | D:3      | Killed from afar by an orc priest

Illustrated notes

Levels and vault maps discovered:
D:1:      elethiomel_arrival_quiet, layout_rooms, serial_forest,
          infiniplex_forest_lined_4_way, infiniplex_forest_lined_ring,
          infiniplex_forest_corner_2, infiniplex_forest_diagonal,
          infiniplex_forest_join, infiniplex_forest_straight_3,
          infiniplex_forest_end_3
D:2:      layout_loops_cross, nicolae_overflow_hidden_temple
D:3:      minmay_angry_zag, layout_basic, old_standard_altar,
          overflow_temple_1_default, grunt_qazlal_clouds

Skill      XL: |  1  2  3  4  5 |
---------------+----------------+-----
Maces & Flails | 2 3 4 |  4.5
Fighting       | 2 3 |  3.0
Throwing       | |  0.8
Dodging        | |  1.9
Stealth        | |  0.2
Spellcasting   | |  1.2
Translocations | |  2.1

Action                   |  1- 3 |  4- 6 || total
-------------------------+-------+-------++-------
Melee: Mace              |   154 |   137 ||   291
Armor: Robe              |    74 |    60 ||   134
Dodge: Dodged            |   112 |   106 ||   218

Table legend: (Time is in decaauts)
 A = Elapsed time spent in this place.
 B = Non-inter-level travel time spent in this place.
 C = Inter-level travel time spent in this place.
 D = Time resting spent in this place.
 E = Time spent auto-exploring this place.
 F = Levels seen in this place.
 G = Mean time per level.
                   A        B        C        D        E       F      G
               +--------+--------+--------+--------+--------+-----+--------+
         Total |   2481 |   2357 |    124 |    356 |   1354 |   3 |  827.0 |
       Dungeon |   2481 |   2357 |    124 |    356 |   1354 |   3 |  827.0 |
               +--------+--------+--------+--------+--------+-----+--------+

Top non-repeatable levels by time:
     D:1: 1111 daAuts
     D:3: 782 daAuts
     D:2: 588 daAuts
